 Dungeon Crawl Stone Soup version 0.29.1-2-gbd0b4ee654 (webtiles) character file.

Game seed: 5255131517373795170

53775 Firos the Fencer (level 14, -4/124 HPs)
             Began as a Minotaur Gladiator on Nov 15, 2022.
             Was the Champion of Okawaru.
             Slain by a boulder beetle (41 damage)
             ... on level 12 of the Dungeon.
             The game lasted 00:33:25 (18592 turns).

Firos the Fencer (Minotaur Gladiator)              Turns: 18592, Time: 00:33:26

Health: -4/124     AC: 19    Str: 24    XL:     14   Next: 32%
Magic:  13/19      EV: 18    Int: 11    God:    Okawaru [******]
Gold:   88         SH:  5    Dex: 15    Spells: 13/13 levels left

rFire   + . .      SeeInvis +   a - +0 triple sword (vamp)
rCold   + + .      Faith    .   (shield currently unavailable)
rNeg    + + +      Spirit   .   S - +4 scale mail of Space {Regen+ Str+5 Dex-2 SInv}
rPois   +          Reflect  +   j - +2 hat "Yraic" {rPois rN+}
rElec   .          Harm     .   N - +0 cloak
rCorr   +          Rampage  .   (no gloves)
Will    +....                   h - +0 pair of boots
Stlth   +++.......              K - amulet of reflection
HPRegen 1.10/turn               q - ring of Riazoimm {rN++ rCorr}
MPRegen 0.16/turn               I - ring of Mistrust {rF+ rC++ Int+6 SInv Stlth+}

@: heroic, finesse-ful
A: horns 2, retaliatory headbutt
a: Renounce Religion, Heroism, Finesse, Duel


You were on level 12 of the Dungeon.
You worshipped Okawaru.
Okawaru was exalted by your worship.
You visited 2 branches of the dungeon, and saw 17 of its levels.
You also visited: Ossuary.

You collected 1237 gold pieces.
You spent 1149 gold pieces at shops.

Inventory:

Hand Weapons
 a - a +0 vampiric triple sword (weapon)
 b - a +0 shortbow
 k - a +3 vampiric long sword
 A - a +4 double sword of draining
 Q - a +1 long sword of protection
Missiles
 d - 4 throwing nets (quivered)
 e - 6 javelins
Armour
 h - a +0 pair of boots (worn)
 j - the +2 hat "Yraic" (worn) {rPois rN+}
   (You acquired it on level 5 of the Lair of Beasts)

   rPois:     It protects you from poison.
   rN:        It protects you from negative energy.
 z - a +0 plate armour
 N - a +0 cloak (worn)
 S - the +4 scale mail of Space (worn) {Regen+ Str+5 Dex-2 SInv}
   (Okawaru gifted it to you on level 10 of the Dungeon)

   Str:       It affects your strength (+5).
   Dex:       It affects your dexterity (-2).
   SInv:      It lets you see invisible.
   Regen:     It increases your rate of health regeneration.
Jewellery
 m - a ring of willpower
 q - the ring of Riazoimm (left hand) {rN++ rCorr}
   (You found it on level 11 of the Dungeon)

   [ring of resist corrosion]

   rN:        It greatly protects you from negative energy.
   rCorr:     It protects you from acid and corrosion.
 v - a +6 ring of dexterity
 I - the ring of Mistrust (right hand) {rF+ rC++ Int+6 SInv Stlth+}
   (You bought it in a shop on level 7 of the Dungeon)

   [ring of intelligence]

   Int:       It affects your intelligence (+6).
   rF:        It protects you from fire.
   rC:        It greatly protects you from cold.
   SInv:      It lets you see invisible.
   Stlth:     It makes you more stealthy.
 K - an amulet of reflection (around neck)
 O - a +4 ring of protection
 P - a +6 ring of dexterity
Wands
 c - a wand of flame (11)
 s - a wand of paralysis (38)
 y - a wand of mindburst (5)
 D - a wand of polymorph (6)
 M - a wand of iceblast (11)
 Y - a wand of light (4)
Scrolls
 f - 2 scrolls of vulnerability
 g - 6 scrolls of immolation
 o - 11 scrolls of teleportation
 p - 8 scrolls of fog
 r - 3 scrolls of magic mapping
 u - 2 scrolls of poison
 B - 5 scrolls of blinking {unknown}
 E - 6 scrolls of enchant armour {unknown}
 J - 2 scrolls of amnesia {unknown}
 R - 2 scrolls of summoning {unknown}
 U - 2 scrolls of fear {unknown}
 W - 3 scrolls of noise {unknown}
 X - a scroll of enchant weapon {unknown}
Potions
 i - 8 potions of mutation
 l - 10 potions of ambrosia
 n - 10 potions of curing
 t - 4 potions of berserk rage
 x - a potion of might {unknown}
 C - 6 potions of lignification
 F - 2 potions of resistance
 G - a potion of haste
 H - a potion of magic {unknown}
 L - 2 potions of heal wounds
 T - a potion of experience {unknown}
 Z - a potion of flight


   Skills:
 + Level 11.6(16.6) Fighting
 * Level 16.2(21.2) Long Blades
 * Level 13.1(18.1) Ranged Weapons
 - Level 2.0(7.0) Throwing
 + Level 11.3(16.3) Armour
 + Level 10.9(15.9) Dodging
 + Level 8.0 Invocations


You had 13 spell levels left.
You didn't know any spells.
Your spell library contained the following spells:

 Spells                   Type           Power      Damage    Failure   Level
 Beastly Appendage        Tmut           0%         N/A       54%         1
 Poisonous Vapours        Pois/Air       0%         N/A       67%         2
 Static Discharge         Conj/Air       0%         3-3/arc   67%         2
 Dazzling Flash           Conj/Hex       0%         N/A       88%         3
 Gell's Gravitas          Tloc           0%         N/A       88%         3
 Ignite Poison            Fire/Tmut/Pois 0%         N/A       88%         3
 Lesser Beckoning         Tloc           0%         N/A       88%         3
 Mephitic Cloud           Conj/Pois/Air  0%         N/A       88%         3
 Ozocubu's Armour         Ice            0%         N/A       88%         3
 Teleport Other           Tloc           0%         N/A       88%         3
 Corpse Rot               Necr/Pois/Air  0%         N/A       99%         4
 Fulminant Prism          Conj/Hex       0%         3d6       99%         4
 Iskenderun's Mystic Bla  Conj/Tloc      0%         2d3       99%         4
 Agony                    Necr           0%         N/A       100%        5
 Blade Hands              Tmut           0%         N/A       100%        5
 Freezing Cloud           Conj/Ice/Air   0%         6-21      100%        5
 Lee's Rapid Deconstruct  Erth           0%         3d5*      100%        5
 Silence                  Hex/Air        0%         N/A       100%        5
 Conjure Ball Lightning   Conj/Air       0%         3x3d6     100%        6
 Iron Shot                Conj/Erth      0%         9d1       100%        6
 Ozocubu's Refrigeration  Ice            0%         4d7       100%        7
 Animate Armour           Summ/Erth      Unusable   N/A       N/A         4
 Summon Cactus Giant      Summ           Unusable   N/A       N/A         6
 Summon Hydra             Summ           Unusable   N/A       N/A         7

Dungeon Overview and Level Annotations

Branches:
Dungeon (12/15)            Temple (0/1) D:7            Lair (5/5) D:9
 Shoals (0/4) Lair:2        Snake (0/4) Lair:3        Slime (0/5) Lair:4
Ossuary (visited)
    Orc: D:9-12

Altars:
Ashenzari
Okawaru
Ru
Trog
Wu Jian
Yredelemnul
Zin
Jiyva
Lugonu

Shops:
D:5 (   D:7 =   D:11 *

Portals:
Abyss: D:4

Annotations:
D:6 1 runed translucent door, Crazy Yiuf
D:11 3 runed translucent doors, p0werm0de's ghost, novice DsCj
Lair:1 2 transporters, rendel's ghost, journeyman HOFi
Lair:5 exclusion: ice statue


Innate Abilities, Weirdness & Mutations

You have a pair of horns on your head.
You reflexively headbutt those who attack you in melee.


Message History

You kill the hornet!
Okawaru accepts your kill.
The centaur warrior wields a +2 shortbow of flaming.
It bursts into flame!
The centaur warrior shoots an arrow.
The arrow hits you! The arrow burns you.
The centaur warrior shoots an arrow.
The arrow hits you! The arrow burns you.
The boulder beetle leaps!
The centaur warrior shoots an arrow.
The arrow hits you! The arrow burns you.
The centaur warrior shoots an arrow.
The arrow hits you.
* * * LOW HITPOINT WARNING * * *
The arrow burns you.
* * * LOW HITPOINT WARNING * * *
The centaur warrior unwields a +2 shortbow of flaming.
It stops flaming.
The centaur warrior hits you but does no damage.
The centaur warrior barely misses you.
You see here a hydra corpse.
You slice the centaur warrior!! You headbutt the centaur warrior.
The centaur warrior is heavily wounded.
The centaur warrior closely misses you. You furiously retaliate!
You headbutt the centaur warrior! The centaur warrior closely misses you.
You slash the centaur warrior! You headbutt the centaur warrior.
You kill the centaur warrior!
Okawaru is honoured by your kill.
The boulder beetle curls into a ball and begins rolling!
That's the wrong kind of item! (Use * to select it.) Evoke which item? (* to show all) (? for menu, Esc to quit)
Okay, then.
Aiming: Paralyse
Press: ? - help, Shift-Dir - straight line, f - boulder beetle
Aim: a boulder beetle (almost dead, rolling, chance to affect: 31%)
The boulder beetle easily resists.
Aiming: Paralyse
Press: ? - help, Shift-Dir - straight line, f/p - boulder beetle
Aim: a boulder beetle (almost dead, rolling, chance to affect: 31%)
The boulder beetle easily resists.
You hit the boulder beetle but do no damage.
The boulder beetle is almost dead.
The boulder beetle hits you!!!
You die...

..## ...## ...#
...# #..# #.°#
##)°# ####..B#
#....#@# #...##.#
##...##.##
##.###.........
..........#####
#######...#######.
..<..............
####.#....######
#.####..##


You could see a boulder beetle (rolling).

Vanquished Creatures
  Gastronok (Lair:3)
  Josephine (Arena)
  5 two-headed ogres
  A centaur warrior (D:12)
  2 hydras
  3 catoblepae (Lair:5)
  10 death yaks (Lair:5)
  Urug (D:10)
  3 manticores
  6 black mambas
  4 elephants (Lair:5)
  8 cane toads
  A gargoyle (D:10)
  An unseen horror (D:11)
  A torpor snail (Lair:3)
  Maggie (D:6)
  4 rime drakes
  6 komodo dragons
  2 trolls
  A queen bee (D:10)
  A hornet (D:12)
  A wind drake (Lair:2)
  6 polar bears (Lair:5)
  12 blink frogs
  7 wraiths
  6 wyverns
  6 basilisks
  77 yaks
  2 steam dragons
  4 nagas (Lair:3)
  2 acid dragons (D:11)
  A sky beast (D:7)
  3 orc warriors
  21 water moccasins
  4 ice beasts
  3 black bears
  2 ogres
  5 centaurs
  14 wolves
  2 phantoms (D:5)
  A kobold brigand (D:8)
  Blork the orc (D:6)
  A gnoll sergeant (D:9)
  20 bullfrogs
  A necrophage (D:7)
  3 scorpions
  5 wights (D:9)
  31 killer bees
  An electric eel (D:11)
  2 howler monkeys (D:11)
  2 centaur zombies (Ossuary)
  A jelly (D:4)
  2 orc priests
  2 hounds
  3 gnoll boudas
  4 iguanas
  13 orc wizards
  2 hell rats (Lair:1)
  6 mummies (Ossuary)
  24 gnolls
  10 adders
  11 river rats (Lair:1)
  3 white imps
  2 ufetubi (D:5)
  A worm (D:3)
  3 dart slugs
  44 orcs
  8 ball pythons
  7 bats
  5 endoplasms
  A giant cockroach (D:4)
  13 goblins
  7 hobgoblins
  2 jackals (D:5)
  2 quokkas
  2 frilled lizards
  A hobgoblin zombie (Ossuary)
  12 kobolds
  3 rats
503 creatures vanquished.

Vanquished Creatures (others)
  15 bushes (D:12)
  46 fungi
  A lurking horror (D:4)
  66 plants
128 creatures vanquished.

Grand Total: 631 creatures vanquished

Notes
Turn   | Place    | Note
-------+----------+-------------------------------------------
     0 | D:1      | Firos the Minotaur Gladiator began the quest for the Orb.
     0 | D:1      | Reached XP level 1. HP: 18/18 MP: 0/0
   126 | D:1      | Reached XP level 2. HP: 20/25 MP: 1/1
   185 | D:1      | Got the Incunabulum of Shocking Transformation
   295 | D:1      | Reached skill level 4 in Long Blades
   620 | D:1      | Reached skill level 1 in Armour
  1106 | D:2      | Reached XP level 3. HP: 30/30 MP: 2/2
  2205 | D:3      | Reached XP level 4. HP: 32/38 MP: 3/3
  2416 | D:3      | Reached skill level 5 in Long Blades
  2690 | D:3      | Found a faded altar of an unknown god.
  2693 | D:3      | Noticed an ice beast
  2754 | D:3      | Killed an ice beast
  2755 | D:3      | Reached XP level 5. HP: 12/46 MP: 4/4
  3191 | D:3      | Found a bloodstained altar of Trog.
  3424 | D:4      | Noticed a black bear
  3440 | D:4      | Killed a black bear
  3441 | D:4      | Reached skill level 6 in Long Blades
  3441 | D:4      | Reached XP level 6. HP: 49/52 MP: 5/5
  3559 | D:4      | Identified the +2 robe of the Land of Plenty {Harm Str-2
                  | Slay+4 Archmagi}
  3847 | D:4      | Found a one-way gate to the infinite horrors of the Abyss.
  3849 | D:4      | Found a corrupted altar of Lugonu.
  4251 | D:5      | Entered Level 5 of the Dungeon
  4369 | D:5      | Reached XP level 7. HP: 52/60 MP: 6/6
  4376 | D:5      | Identified the +5 dagger "Movvojoh" {flame, +Blink Str+2}
  4467 | D:5      | Reached skill level 5 in Dodging
  4506 | D:5      | Reached skill level 7 in Long Blades
  4512 | D:5      | Found Duma's Weapon Shop.
  4534 | D:5      | Reached skill level 5 in Fighting
  4985 | D:5      | Found an ornate altar of the Wu Jian Council.
  5462 | D:6      | Reached skill level 8 in Long Blades
  5462 | D:6      | Reached XP level 8. HP: 61/69 MP: 7/7
  5542 | D:6      | Found an iron altar of Okawaru.
  5548 | D:6      | Became a worshipper of Warmaster Okawaru
  5704 | D:6      | Found a basalt altar of Yredelemnul.
  5846 | D:6      | Reached skill level 1 in Ranged Weapons
  5846 | D:6      | Reached skill level 5 in Armour
  5869 | D:6      | Reached * piety under Okawaru
  5972 | D:6      | Found a sand-covered staircase.
  5977 | Ossuary  | Entered an ossuary
  6404 | D:6      | Noticed Maggie
  6430 | D:6      | Killed Maggie
  6431 | D:6      | Reached skill level 9 in Long Blades
  6783 | D:6      | Found a runed translucent door.
  6784 | D:6      | Noticed Crazy Yiuf
  6887 | D:6      | Noticed Blork the orc
  6903 | D:6      | Killed Blork the orc
  6904 | D:6      | Reached XP level 9. HP: 62/78 MP: 8/8
  7350 | D:7      | Found Mocren's Jewellery Shoppe.
  7359 | D:7      | Bought an amulet of reflection for 330 gold pieces
  7384 | D:7      | Reached skill level 1 in Invocations
  7812 | D:7      | Reached ** piety under Okawaru
  7872 | D:7      | Found a staircase to the Ecumenical Temple.
  8005 | D:7      | Got the Omnibus of the Birds and the Commander
  8285 | D:7      | Found a sacrificial altar of Ru.
  8452 | D:8      | Reached skill level 10 in Long Blades
  8452 | D:8      | Reached skill level 5 in Ranged Weapons
  9607 | D:9      | Noticed a two-headed ogre
  9631 | D:9      | Killed a two-headed ogre
  9631 | D:9      | Reached *** piety under Okawaru
  9632 | D:9      | Reached XP level 10. HP: 65/86 MP: 9/11
  9741 | D:9      | Found a broken altar of Ashenzari.
  9837 | D:9      | Noticed a guardian serpent
  9837 | D:9      | Noticed a two-headed ogre
  9837 | D:9      | Noticed a manticore
  9838 | D:9      | Noticed a skeletal warrior
  9838 | D:9      | Noticed a centaur warrior
  9874 | D:9      | Reached skill level 11 in Long Blades
  9883 | D:9      | Reached **** piety under Okawaru
 10065 | D:9      | Found a staircase to the Lair.
 10084 | D:9      | Noticed a two-headed ogre
 10092 | D:9      | Killed a two-headed ogre
 10182 | D:9      | Noticed a swamp dragon
 10186 | D:9      | Noticed an elephant
 10186 | D:9      | a swamp dragon changed into an elephant
 10306 | D:9      | Noticed a black mamba
 10856 | D:10     | Entered Level 10 of the Dungeon
 10886 | D:10     | Reached ***** piety under Okawaru
 10905 | D:10     | Reached XP level 11. HP: 55/95 MP: 11/13
 11272 | D:10     | Received a gift from Okawaru
 11286 | D:10     | Reached skill level 12 in Long Blades
 11313 | D:10     | Noticed a two-headed ogre
 11335 | D:10     | Killed a two-headed ogre
 11410 | D:10     | Noticed a two-headed ogre
 11430 | D:10     | Killed a two-headed ogre
 11469 | D:10     | Found a flagged portal.
 11811 | D:10     | Noticed Urug
 11831 | D:10     | Killed Urug
 11832 | D:10     | Reached skill level 5 in Invocations
 12085 | D:10     | Identified the +4 scale mail of Space {Regen+ Str+5 Dex-2
                  | SInv} (Okawaru gifted it to you on level 10 of the Dungeon)
 12085 | D:10     | Received a gift from Okawaru
 12288 | Lair:1   | Entered Level 1 of the Lair of Beasts
 12311 | Lair:1   | Reached skill level 13 in Long Blades
 12462 | Lair:1   | Reached XP level 12. HP: 92/104 MP: 15/15
 12493 | Lair:1   | Found a gate leading to a gauntlet.
 12654 | Lair:1   | Found a transporter.
 12654 | Lair:1   | Found a transporter.
 12654 | Lair:1   | Noticed rendel's ghost (journeyman HOFi)
 13232 | Lair:2   | Reached skill level 10 in Ranged Weapons
 13640 | Lair:2   | Found a staircase to the Shoals.
 13679 | Lair:2   | Reached ****** piety under Okawaru
 13862 | Lair:2   | Received a gift from Okawaru
 13863 | Lair:2   | Reached skill level 10 in Fighting
 14119 | Lair:2   | Reached skill level 14 in Long Blades
 14233 | Lair:3   | Noticed Gastronok
 14265 | Lair:3   | Identified the +1 crystal plate armour of Ubiquitous Beauty
                  | {Contam rPois rCorr Int-2} (Okawaru gifted it to you on
                  | level 3 of the Lair of Beasts)
 14265 | Lair:3   | Received a gift from Okawaru
 14278 | Lair:3   | Killed Gastronok
 14376 | Lair:3   | Found a staircase to the Snake Pit.
 14512 | Lair:3   | Reached skill level 10 in Armour
 14512 | Lair:3   | Reached XP level 13. HP: 112/114 MP: 16/16
 15073 | Lair:4   | Noticed Josephine
 15074 | Arena    | Entered the Arena
 15080 | Arena    | Killed Josephine
 15112 | Lair:3   | Reached skill level 10 in Dodging
 15424 | Lair:4   | Found a viscous altar of Jiyva.
 15428 | Lair:4   | Found a staircase to the Slime Pits.
 15662 | Lair:4   | Reached skill level 15 in Long Blades
 15940 | Lair:5   | Entered Level 5 of the Lair of Beasts
 16074 | Lair:5   | Identified the +10 rapier "Faupogof" {vorpal, rC+}
 16081 | Lair:5   | Identified the +0 chain mail of the Grue {Regen+ Int+4}
                  | (Okawaru gifted it to you on level 5 of the Lair of Beasts)
 16081 | Lair:5   | Received a gift from Okawaru
 16139 | Lair:5   | Identified a scroll of acquirement
 16139 | Lair:5   | Acquired the +2 hat "Yraic" {rPois rN+}
 16457 | Lair:5   | Acquired a +0 vampiric triple sword
 16786 | Lair:5   | Reached XP level 14. HP: 121/124 MP: 10/18
 16926 | Lair:5   | Identified the +4 hand axe of Theory {flame, rCorr Int+4}
 17161 | D:7      | Bought the ring of Mistrust {rF+ rC++ Int+6 SInv Stlth+}
                  | for 819 gold pieces
 17407 | Lair:5   | Reached skill level 16 in Long Blades
 17410 | Lair:5   | Received a gift from Okawaru
 18011 | D:11     | Found a runed translucent gate.
 18013 | D:11     | Found a runed translucent gate.
 18013 | D:11     | Noticed p0werm0de's ghost (novice DsCj)
 18014 | D:11     | Found a runed translucent gate.
 18028 | D:11     | Found a viscous altar of Jiyva.
 18058 | D:11     | Identified the ring of Riazoimm {rN++ rCorr}
 18096 | D:11     | Found Zin's Purification Station.
 18100 | D:11     | Found a glowing silver altar of Zin.
 18592 | D:12     | Slain by a boulder beetle

Illustrated notes

Levels and vault maps discovered:
D:1:      elethiomel_arrival_fortress_basement, layout_basic
D:2:      layout_basic, minmay_misc_feat_hallway
D:3:      layout_rooms, mainiacjoe_overflow_cross_hatched,
          hellmonk_ecumenical_altar_pennies_from_heaven
D:4:      layout_basic, amcnicky_altar_lugonu_corruption
D:5:      layout_gridville, mainiacjoe_overflow_six_doors_small, serial_shops,
          shop
D:6:      layout_cave_pods, kennysheep_mini_moat, general_overflow_altar,
          nicolae_ossuary_entry_plus, hangedman_abyss_or_decor_lesser_grid,
          uniq_maggie, uniq_crazy_yiuf_cottage, uniq_blork_the_orc
D:7:      layout_basic, nicolae_ru_awakened_eye, minmay_temple_entry_offerings,
          minmay_shop_enchanted_jewellery
D:8:      layout_gridville, hex_tiny
D:9:      layout_roguey, mainiacjoe_overflow_catwalk,
          due_lair_maze_entry_diamond, minivault_12
D:10:     layout_roguey [special_room_bee], enter_bailey_5, uniq_urug
D:11:     layout_big_octagon, gammafunk_ghost_ooze, serial_bayou_lagoon_a,
          hangedman_abyss_or_decor_stabs, zin_purify
D:12:     layout_rooms, orc_0_dummy, minmay_hedge_maze, minmay_bent,
          uniq_nergalle, uniq_jorgrun, uniq_rupert
Lair:1:   layout_loops_ring, gammafunk_ghost_hive, gauntlet_entry_generic,
          kennysheep_rathole
Lair:2:   layout_small_grid, minmay_shoals_entry_beasts
Lair:3:   layout_misc_corridors, minmay_snake_entry_guardpost_small,
          chequers_serial_rivers_micro_a, grunt_megastairs_1, uniq_gastronok
Lair:4:   layout_regular_city, slime_entry_1, st_stairs_3, lemuel_fruit_fields,
          uniq_josephine
Lair:5:   evilmike_catoblepas_cave, layout_cave_pods, ice2_lemuel

Skill      XL: |  1  2  3  4  5  6  7  8  9 10 11 12 13 14 |
---------------+-------------------------------------------+-----
Long Blades    | 4 5 6 8 9 10 11 13 14 15 16 | 16.2
Armour         | 1 2 3 4 5 6 7 8 10 11 | 11.3
Fighting       | 3 4 5 6 7 8 9 10 11 | 11.6
Dodging        | 4 5 6 7 8 9 10 | 10.9
Ranged Weapons | 3 6 7 9 11 12 13 | 13.1
Invocations    | 2 4 5 6 7 8 |  8.0
Throwing       | |  2.0

Action                   |  1- 3 |  4- 6 |  7- 9 | 10-12 | 13-15 || total
-------------------------+-------+-------+-------+-------+-------++-------
Melee: Long sword        |    76 |   130 |   325 |   335 |       ||   866
       Headbutt          |    12 |    18 |    79 |   164 |   122 ||   395
       Punch             |       |       |     5 |    10 |     6 ||    21
       Double sword      |       |       |       |   334 |   269 ||   603
       Triple sword      |       |       |       |       |   166 ||   166
 Fire: Shortbow          |       |       |     2 |     7 |    52 ||    61
Invok: Heroism           |       |       |       |     4 |     3 ||     7
       Finesse           |       |       |       |     3 |     4 ||     7
       Duel              |       |       |       |       |     1 ||     1
Evoke: Wand              |       |       |       |       |     4 ||     4
  Use: Scroll            |       |     6 |     2 |     8 |     6 ||    22
       Potion            |       |     1 |     3 |     3 |     1 ||     8
 Stab: Invisible         |       |       |     5 |     2 |     2 ||     9
Armor: Leather armour    |     7 |       |       |       |       ||     7
       Ring mail         |    20 |    62 |       |       |       ||    82
       Skin              |       |    12 |       |       |       ||    12
       Plate armour      |       |     2 |   226 |   174 |       ||   402
       Scale mail        |       |       |       |    58 |   170 ||   228
Dodge: Dodged            |    54 |    76 |   179 |   357 |   345 ||  1011
Block: Other             |       |       |     1 |   130 |   102 ||   233
       Reflection        |       |       |       |     3 |     2 ||     5
